 Dungeon Crawl Stone Soup version 0.17-a0-1468-gbf503c2 (webtiles) character file.

272 abixa the Cudgeler (level 6, -9/59 HPs)
             Began as an Ogre Gladiator on July 1, 2015.
             Mangled by an ogre
             ... wielding a cursed +0 giant club
              (17 damage)
             ... on level 4 of the Dungeon.
             The game lasted 00:09:54 (2994 turns).

abixa the Cudgeler (Ogre Gladiator)                 Turns: 2994, Time: 00:09:54

Health: -9/59      AC:  3    Str: 21    XL:     6   Next: 23%
Magic:  6/6        EV:  5    Int:  9    God:
Gold:   139        SH:  0    Dex: 10    Spells: 0 memorised, 5 levels left

rFire  + . .     SeeInvis .     a - +0 flail
rCold  . . .     Clarity  .     b - +0 robe
rNeg   + . .     SustAt   .     (no shield)
rPois  .         Gourm    .     c - +0 hat
rElec  .         Spirit   .     (no cloak)
rCorr  .         Warding  .     (gloves unavailable)
rMut   .         Stasis   +     (boots unavailable)
MR     .....                    H - amulet of stasis
Stlth  +.........               s - ring of positive energy
                                l - ring of protection from fire

@: not resistant to hostile enchantments, very unstealthy
A: unfitting armour, tough skin 1
a: no special abilities


You were on level 4 of the Dungeon.
You were hungry.

You visited 1 branch of the dungeon, and saw 4 of its levels.

You collected 139 gold pieces.

Inventory:

Hand weapons
 a - a +0 flail (weapon)
 m - a +0 spear
 E - a +0 hunting sling
Missiles
 d - 3 throwing nets
 f - 178 stones (quivered)
 h - 13 arrows
 j - 18 silver sling bullets
 n - 64 sling bullets
 r - 7 bolts of flame
 x - 4 curare-tipped needles
 C - 22 bolts
 G - 11 poisoned needles
 I - 14 arrows of frost
 J - 8 poisoned bolts
Armour
 b - a +0 robe (worn)
 c - a +0 hat (worn)
Jewellery
 l - a ring of protection from fire (left hand)
 s - a ring of positive energy (right hand)
 H - an amulet of stasis (around neck)
Scrolls
 k - 2 scrolls of amnesia {unknown}
 o - a scroll of recharging {unknown}
 p - 3 scrolls of remove curse {unknown}
 q - 4 scrolls of identify {unknown}
 v - 2 scrolls of magic mapping {unknown}
 y - a scroll of teleportation {unknown}
 B - a scroll of blinking {unknown}
 F - 2 scrolls of random uselessness {unknown}
Potions
 t - a potion of haste {unknown}
 u - a potion of might {unknown}
 w - 2 potions of heal wounds {unknown}
 z - a potion of flight {unknown}
 A - 4 potions of degeneration {unknown}
Books
 D - a book of Battle

   Spells                             Type                      Level
   a - Infusion                       Charms                       1
   b - Shroud of Golubria             Charms/Translocation         2
   c - Song of Slaying                Charms                       2
   d - Spectral Weapon                Hexes/Charms                 3
   e - Regeneration                   Charms/Necromancy            3
Comestibles
 e - 2 bread rations
 g - 2 meat rations
 i - a beef jerky
 K - a fruit
 L - a slice of pizza
 M - a chunk of flesh


   Skills:
 - Level 2.6 Fighting
 + Level 6.8 Maces & Flails
 + Level 5.2 Throwing
 - Level 2.6 Dodging


You had 5 spell levels left.
You didn't know any spells.

Dungeon Overview and Level Annotations

Branches:
Dungeon (4/15)
 Temple: D:4-7

Altars:
Nemelex Xobeh
Sif Muna
Vehumet
Xom
The Shining One


Innate Abilities, Weirdness & Mutations

You are too large for most types of armour.
You have tough skin (AC +1).


Message History

You throw a stone.
The stone hits the ogre but does no damage.
The ogre is moderately wounded.
You sock the ogre!
The ogre is severely wounded.
The ogre hits you with a giant club!!
Ouch! That really hurt!
You are too injured to fight recklessly!
You are too injured to fight recklessly!
You hit the ogre.
The ogre is severely wounded.
The ogre hits you with a giant club!!
* * * LOW HITPOINT WARNING * * *
Throwing (i - inventory. (,) - cycle):
f - 178 stones (quivered)
Press: ? - help, Shift-Dir - straight line, p - ogre
Okay, then.
Unknown command.
There is an escape hatch in the ceiling here.
The ogre hits you with a giant club!
You die...

#P. #). #.##
#######..#####
.............#
##
####.###.###.#
.# #.# #.# ##.#
#.###.###..#
#...@O.....# .
###.#.##...#
..###....##(..#
....<.....(..#
........##(..#
#.###.#.###(..#
#)............#
#####..####.#.#
#.#.)# #.#.#


You could see an ogre.

Vanquished Creatures
  A gnoll shaman (D:3)
  3 orc priests
  Jessica (D:2)
  2 adders (D:3)
  5 gnolls (D:3)
  3 worms (D:2)
  2 orcs
  4 giant cockroaches
  3 hobgoblins
  9 kobolds
  4 bats
  3 giant geckos
  5 giant newts
  8 goblins
  9 rats
62 creatures vanquished.

Notes
Turn   | Place    | Note
--------------------------------------------------------------
     0 | D:1      | abixa the Ogre Gladiator began the quest for the Orb.
     0 | D:1      | Reached XP level 1. HP: 22/22 MP: 1/1
   141 | D:1      | Reached XP level 2. HP: 18/29 MP: 2/2
   405 | D:2      | Found a radiant altar of Vehumet.
   430 | D:2      | Found a shimmering altar of Xom.
   430 | D:2      | Found a shimmering altar of Xom.
   431 | D:2      | Found a shimmering altar of Xom.
   431 | D:2      | Found a shimmering altar of Xom.
   474 | D:2      | Found a shimmering altar of Xom.
   638 | D:2      | Noticed Jessica
   643 | D:2      | Killed Jessica
   643 | D:2      | Reached skill level 5 in Maces & Flails
   643 | D:2      | Reached XP level 3. HP: 36/36 MP: 3/3
   817 | D:2      | Reached XP level 4. HP: 31/44 MP: 4/4
   869 | D:2      | Found a sparkling altar of Nemelex Xobeh.
  1000 | D:2      | Found a deep blue altar of Sif Muna.
  1336 | D:3      | Found a glowing golden altar of the Shining One.
  1541 | D:3      | Reached XP level 5. HP: 30/50 MP: 5/5
  2055 | D:3      | Reached skill level 6 in Maces & Flails
  2357 | D:2      | Reached skill level 5 in Throwing
  2357 | D:2      | Reached XP level 6. HP: 21/59 MP: 6/6
  2994 | D:4      | Mangled by an ogre

Vault maps used:
D:1:      eino_arrival_tree_alley, hex_medium
D:2:      xom_redecorated, lemuel_doored_altar, vehumet_crystals,
          nemelex_spade_bored_becter, uniq_jessica
D:3:      nicolae_tso_swordbearing_angel
D:4:      tgw_fedhas, kennysheep_mini, first_bread, minmay_lizard_king,
          uniq_blork_the_orc, uniq_purgy

Action                   |  1- 3 |  4- 6 || total
-------------------------+-------+-------++-------
Melee: Flail             |    80 |   145 ||   225
Throw: Stone             |    11 |    45 ||    56
 Stab: Sleeping          |       |     1 ||     1
  Eat: Chunk             |       |     6 ||     6
